Map: Dusk Towers

Players

hhehehehehee

  • Race: Zerg Zerg
  • League: Diamond

MorN - Winner!

  • Race: Terran Terran
  • League: Diamond

VOD

Have the link to the VOD?

Description

Time

  • Played on: Nov. 15, 2015, 6:19 p.m.
  • Length: 18:02
Show
View Real Time Build Order
Export as new Build Order

hhehehehehee Zerg 

Build Orders: Hatch First, Lurkers 

Get SALT Encoding   

  12  0:01  Drone  
  13  0:12  Overlord  
  13  0:19  Drone  
  14  0:31  Drone x2  
  14  0:35  Drone  
  17  0:52  Hatchery  
  16  0:58  Drone  
  16  1:01  Drone, Extractor  
  17  1:18  Spawning Pool  
  16  1:27  Drone x2  
  18  1:37  Drone  
  19  1:40  Drone  
  20  1:50  Overlord  
  20  2:06  Queen x2  
  24  2:09  Metabolic Boost  
  24  2:14  Zergling x2  
  25  2:16  Zergling x2  
  25  2:19  Zergling x2  
  27  2:24  Zergling x2  
  28  2:32  Drone x2  
  30  2:49  Hatchery  
  29  2:58  Drone x3  
  31  3:05  Overlord  
  31  3:10  Drone x2  
  31  3:11  Drone  
  34  3:30  Roach Warren  
  34  3:31  Drone x2  
  34  3:33  Extractor  
  34  3:34  Drone x2  
  34  3:37  Drone  
  37  3:42  Drone x2  
  37  3:48  Overlord  
  39  4:05  Lair  
  39  4:06  Drone  
  39  4:09  Drone  
  42  4:10  Drone x3  
  42  4:13  Roach x3  
  50  4:18  Overlord  
  50  4:21  Drone x2  
  52  4:27  Overlord  
  52  4:36  Queen  
  52  4:37  Extractor  
  53  4:39  Roach x2  
  57  4:46  Roach x3  
  63  4:56  Spore Crawler  
  62  5:03  Spore Crawler  
  61  5:07  Drone x5  
  66  5:17  Overlord x2  
  66  5:28  Spore Crawler  
  65  5:29  Zergling x2  
  65  5:31  Overlord  
  66  5:37  Ravager x2  
  66  5:38  Ravager x2  
  66  5:39  Roach x4  
  78  5:49  Drone x7  
  88  5:50  Drone x3  
  88  5:53  Glial Reconstitution  
  88  5:59  Overseer  
  88  6:04  Overlord  
  88  6:07  Drone x2  
  88  6:10  Extractor  
  89  6:11  Overseer  
  89  6:12  Evolution Chamber  
  89  6:13  Overlord  
  89  6:15  Drone x2  
  89  6:17  Extractor  
  89  6:24  Drone  
  89  6:25  Drone x3  
  92  6:26  Drone x3  
  92  6:27  Overlord  
  92  6:30  Overlord  
  96  6:39  Zerg Ground Armor Level 1  
  96  6:40  Drone x3, Baneling Nest  
  96  6:43  Extractor  
  97  6:50  Pneumatized Carapace  
  97  6:51  Drone x2  
  99  7:00  Queen  
  101  7:03  Zergling x4  
  101  7:04  Zergling x2  
  104  7:08  Zergling x2  
  104  7:09  Zergling x6  
  104  7:11  Hatchery  
  107  7:16  Zergling x10  
  112  7:25  Zergling x14  
  119  7:34  Centrifical Hooks  
  119  7:38  Drone x2  
  119  7:39  Overlord x2  
  119  7:41  Overlord x2  
  121  7:54  Drone  
  122  8:01  Drone x2, Extractor  
  122  8:02  Overlord x2, Hydralisk Den  
  122  8:06  Zergling x10  
  122  8:07  Baneling  
  122  8:08  Baneling x12  
  127  8:15  Drone x3  
  130  8:21  Overlord x2  
  130  8:29  Spine Crawler  
  130  8:31  Drone x4  
  130  8:33  Spore Crawler, Lurker Den  
  132  8:36  Drone x3  
  132  8:37  Overlord x2  
  132  8:41  Baneling x4  
  135  9:07  Spine Crawler  
  135  9:08  Hatchery  
  133  9:10  Spine Crawler  
  133  9:13  Spine Crawler  
  127  9:21  Zergling x30  
  140  9:32  Spine Crawler  
  140  9:34  Spine Crawler x2  
  138  9:42  Zerg Ground Armor Level 2, Hydralisk  
  138  9:43  Hydralisk x7  
  154  9:48  Drone  
  154  9:50  Drone x4  
  158  9:59  Queen  
  157  10:01  Spine Crawler  
  157  10:02  Spine Crawler  
  157  10:03  Roach x3  
  157  10:05  Ravager x3  
  157  10:06  Ravager  
  167  10:12  Baneling x9  
  167  10:13  Baneling x2  
  167  10:20  Overseer  
  167  10:26  Baneling x4  
  167  10:27  Lurker  
  167  10:28  Lurker x6  
  172  10:29  Lurker  
  174  10:39  Hatchery, Extractor  
  132  10:59  Roach  
  132  11:00  Roach x10  
  144  11:15  Zergling x4  
  144  11:16  Zergling x16  
  151  11:30  Zergling x4  
  151  11:31  Zergling x14  
  159  11:39  Zergling x2  
  158  11:40  Zergling x8  
  158  11:43  Drone x2  
  158  11:45  Drone  
  163  12:06  Drone x5  
  163  12:07  Drone x2  
  170  12:11  Zerg Melee Weapons Level 1  
  169  12:16  Drone x3  
  166  12:23  Ravager x3  
  166  12:24  Ravager x4  
  166  12:26  Spine Crawler x2  
  166  12:27  Spine Crawler  
  166  12:51  Hydralisk x3  
  166  12:52  Hydralisk x2  
  165  13:11  Roach x6  
  165  13:12  Roach x9  
  122  13:22  Zergling x18  
  120  13:35  Spine Crawler, Zergling x14  
  120  13:36  Spine Crawler  
  115  13:43  Baneling x13  
  113  13:59  Spine Crawler  
  113  14:01  Hydralisk x6  
  122  14:02  Spine Crawler  
  122  14:06  Ravager x7  
  127  14:22  Overseer, Baneling x9  
  127  14:23  Overseer  
  127  14:25  Hatchery  
  127  14:31  Lurker x6  
  132  14:43  Overlord x2  
  132  14:51  Roach x2  
  132  14:52  Roach x4  
  144  14:53  Ravager x3  
  144  14:54  Ravager  
  148  15:02  Zergling x6  
  148  15:03  Zergling x12  
  157  15:17  Zergling x20  
  157  15:18  Zergling x4  
  160  15:29  Zergling x2  
  160  15:30  Zergling x18  
  164  15:46  Zergling x2  
  164  15:47  Hatchery, Zergling x12  
  127  16:02  Zergling x2  
  127  16:03  Zergling x22  
  136  16:05  Baneling x2  
  136  16:06  Baneling x2  
  136  16:11  Drone x3  
  139  16:31  Zergling x12  
  139  16:32  Zergling x10  
  150  16:35  Spine Crawler  
  125  16:40  Zergling x12  
  114  16:48  Zergling x2  
  114  16:49  Zergling x12  
  98  17:01  Baneling x17  
  95  17:12  Zergling x6  
  95  17:13  Zergling x10  
  98  17:19  Baneling x2  
  98  17:20  Baneling x6  
  96  17:33  Zergling x18  
  96  17:34  Zergling x4  
  84  17:43  Zergling x2  
  84  17:44  Zergling x16  
Show
View Real Time Build Order
Export as new Build Order

MorN Terran - Winner!

Build Orders: Liberator Opening, Reaper Expand, MMM Bio 

Get SALT Encoding   

  12  0:00  SCV  
  13  0:12  SCV  
  14  0:17  Supply Depot  
  14  0:26  SCV  
  15  0:39  SCV  
  15  0:40  Barracks  
  16  0:44  Refinery  
  16  0:51  SCV  
  17  1:03  SCV  
  18  1:15  SCV  
  19  1:29  Orbital Command  
  19  1:30  Reaper  
  20  1:42  Command Center  
  20  1:51  Refinery  
  20  1:57  SCV, Supply Depot  
  21  2:07  Barracks Reactor  
  21  2:09  SCV  
  22  2:21  SCV, Factory  
  23  2:33  SCV  
  24  2:46  Marine x2  
  24  2:47  SCV  
  27  2:58  Orbital Command  
  27  3:01  SCV  
  27  3:03  Marine  
  27  3:04  Marine  
  30  3:12  Starport  
  29  3:35  SCV x2, Barracks Reactor  
  29  3:39  Hellion x2  
  35  3:50  SCV  
  35  3:54  Command Center, SCV  
  37  3:59  Liberator x2  
  37  4:01  Hellion x2  
  37  4:02  SCV  
  42  4:05  Supply Depot  
  42  4:06  SCV  
  43  4:14  SCV  
  50  4:18  Barracks Tech Lab  
  50  4:22  SCV  
  51  4:27  Hellion x2  
  51  4:28  SCV  
  56  4:34  SCV  
  56  4:37  Stimpack, Marine  
  58  4:40  SCV  
  59  4:46  SCV  
  60  4:57  Barracks  
  60  4:59  Barracks  
  60  5:02  Factory Reactor  
  60  5:15  SCV  
  60  5:20  Barracks  
  61  5:23  Barracks  
  61  5:26  Starport Reactor  
  61  5:28  Orbital Command  
  61  5:29  SCV x2  
  61  5:33  Refinery x2  
  61  5:37  Marauder  
  61  5:41  SCV x2  
  65  5:51  Marine x2  
  65  5:53  SCV x2  
  65  5:54  Factory Tech Lab  
  65  5:57  SCV  
  70  5:59  Marauder  
  70  6:02  Marine x2  
  74  6:05  SCV x2  
  74  6:09  SCV  
  77  6:12  Engineering Bay x2  
  77  6:15  Supply Depot  
  77  6:16  Supply Depot, Marine x2  
  77  6:17  SCV  
  77  6:18  SCV  
  81  6:20  Marine  
  81  6:21  SCV  
  81  6:22  Supply Depot  
  81  6:23  Supply Depot  
  79  6:31  SCV, Siege Tank  
  83  6:33  Refinery  
  83  6:34  Refinery  
  83  6:35  Starport Reactor  
  83  6:36  Marine x2  
  83  6:37  SCV, Combat Shields  
  83  6:38  Marauder  
  89  6:40  SCV, Marine x2  
  89  6:43  Terran Infantry Weapons Level 1, Terran Infantry Armor Level 1  
  89  6:44  SCV  
  92  6:47  Supply Depot  
  92  6:49  SCV  
  92  6:51  Marine x4  
  92  6:52  SCV  
  98  6:55  Supply Depot  
  98  6:56  SCV  
  98  6:59  Marauder, Marine x2  
  103  7:01  SCV  
  103  7:04  SCV, Marine  
  103  7:07  Factory  
  103  7:08  SCV  
  107  7:12  Marine x2  
  107  7:13  Supply Depot, SCV  
  110  7:15  Siege Tank  
  110  7:16  SCV  
  110  7:20  SCV  
  115  7:23  Armory  
  115  7:25  Supply Depot, SCV  
  115  7:27  Marine x3  
  115  7:28  Marauder  
  121  7:32  Marine x2  
  121  7:33  Marine  
  121  7:34  SCV  
  121  7:36  Supply Depot, SCV  
  126  7:38  SCV, Medivac  
  126  7:40  Medivac  
  131  7:44  Marine x2  
  131  7:47  SCV  
  131  7:49  Marauder  
  136  7:52  Supply Depot, Marine x6  
  136  7:56  Concussive Shells  
  136  7:57  Factory Tech Lab  
  142  7:59  Siege Tank  
  142  8:02  SCV  
  146  8:05  Marine x2  
  146  8:06  Supply Depot  
  146  8:09  Marine  
  146  8:10  Terran Vehicle Weapons Level 1  
  146  8:11  Marauder, Medivac x2  
  156  8:12  SCV  
  156  8:13  SCV  
  156  8:14  SCV  
  158  8:31  Marine x6  
  158  8:32  Thor  
  170  8:37  Supply Depot, Marine x2  
  170  8:38  Supply Depot x2, Thor, Marine  
  179  8:42  Missile Turret  
  179  8:43  Medivac  
  181  8:55  Command Center  
  181  8:58  Marine x2  
  181  8:59  Marauder  
  181  9:01  Supply Depot  
  184  9:24  Thor x2, Marine  
  184  9:25  Marine x3  
  200  9:32  Terran Infantry Weapons Level 2  
  200  9:33  Barracks, Terran Infantry Armor Level 2  
  200  9:35  Barracks  
  200  9:37  Barracks  
  193  10:09  Marine  
  193  10:10  Medivac x2, Marine  
  193  10:11  Widow Mine  
  197  10:24  Marine x3  
  197  10:25  Barracks Tech Lab x2  
  197  10:26  Barracks Reactor  
  200  10:32  Missile Turret  
  200  10:33  Terran Vehicle Weapons Level 2, Missile Turret x2  
  177  10:59  Marine x3  
  177  11:00  Marauder x3, Marine  
  177  11:01  Thor x2  
  177  11:04  Marine  
  200  11:17  Marine  
  190  11:21  Marauder, Marine x3  
  190  11:22  Marauder  
  188  11:27  Marauder, Marine x3  
  191  11:40  Marine x3  
  191  11:41  Marine x2  
  191  11:42  Planetary Fortress, Marauder  
  191  11:43  Marauder  
  191  11:44  Refinery  
  191  11:45  Refinery  
  200  11:47  Command Center  
  200  11:53  Command Center  
  200  12:09  Supply Depot  
  200  12:11  Supply Depot  
  200  12:12  Supply Depot  
  200  12:13  Supply Depot  
  166  13:12  Marine  
  166  13:13  Marauder, Marine x2  
  156  13:20  Marauder, Marine x2  
  154  13:28  Marine  
  154  13:29  Marine  
  154  13:30  Marauder, Marine x2  
  139  13:35  Marauder  
  139  13:36  Marine x2  
  139  13:38  Marine x3  
  139  13:39  Siege Tank, Medivac x2  
  139  13:40  Siege Tank  
  147  13:42  Marine, Marauder  
  147  13:45  Marine  
  147  13:47  Marine  
  149  13:52  Marauder  
  149  13:56  Marauder  
  149  13:57  Marine x3  
  154  14:03  Marauder  
  154  14:09  Medivac x2  
  157  14:11  Siege Tank  
  157  14:12  Siege Tank  
  157  14:13  Marauder, Marine x4  
  157  14:16  Marine x2  
  171  14:17  Marauder  
  171  14:18  Marine x3  
  171  14:21  Terran Vehicle Weapons Level 3, Terran Infantry Weapons Level 3, Terran Infantry Armor Level 3  
  171  14:24  Marine  
  177  14:25  Marauder  
  177  14:31  Marine x4  
  179  14:33  Refinery  
  179  14:34  Marauder, Refinery, Missile Turret, Marine x2  
  179  14:38  Marine x2  
  189  14:39  Marauder, Missile Turret, Marine  
  189  14:41  Marine  
  189  14:43  Siege Tank  
  196  14:46  Marauder  
  196  14:49  Marine x2  
  200  15:11  Marine  
  200  15:12  Marine  
  200  15:13  Marine  
  199  15:34  Marine  
  157  15:59  Marine x3  
  157  16:00  Marauder  
  157  16:01  Thor  
  157  16:02  Thor  
  167  16:08  Marine x2  
  167  16:09  Marauder  
  171  16:12  Marine x2  
  171  16:15  Planetary Fortress  
  173  16:22  Marine x3  
  173  16:23  Marauder x2  
  180  16:29  Marine  
  180  16:30  Marine x2  
  180  16:31  Marauder  
  171  16:40  Marine  
  171  16:41  Marine x2  
  171  16:44  Marauder  
  171  16:45  Siege Tank x2, Marauder  
  171  16:46  Marine  
  171  16:52  Marine x2, Marauder, Medivac x2  
  171  16:53  Marine x3  
  182  17:01  Marine x2  
  182  17:06  Marauder x2  
  182  17:07  Marine x2  
  190  17:13  Marauder  
  190  17:15  Marine  
  179  17:16  Marine x2  
  179  17:17  Siege Tank x2, Marine x2  
  179  17:22  Medivac x2  
  194  17:23  Marine x2  
  194  17:24  Marine x2  
  194  17:27  Marauder  
  200  17:35  Marauder  
  200  17:36  Marine x4  
  200  17:37  Marauder  
  193  17:42  Marine x3  
Tags
 
Add a new tag
Caveats
  • Supply blocks, unpowered buildings, or Contaminate may cause inaccurate times.
  • Supply counts are checked every 10 seconds.